 Dungeon Crawl Stone Soup version 0.31-a0-986-g5e6e4ef867 (webtiles) character file.

Game seed: 3876304950431487501

2468 BorisBritva the Spear-Bearer (level 9, -2/66 HPs)
             Began as a Demonspawn Gladiator on Nov 3, 2023.
             Succumbed to an orc wizard's poison
             ... on level 7 of the Dungeon.
             The game lasted 00:20:34 (6193 turns).

BorisBritva the Spear-Bearer (Demonspawn Gladiator) Turns: 6193, Time: 00:20:34

Health: -2/66      AC: 32    Str: 17 (18) XL:     9   Next: 26%
Magic:  9/9        EV: 10    Int:  9 (10) God:
Gold:   353        SH:  0    Dex: 19 (21) Spells: 8/8 levels left

rFire   x . .        B - +3 trident
rCold   + . .        (no shield)
rNeg    . . .        n - +18 Lear's hauberk
rPois   .            (helmet currently unavailable)
rElec   .            w - +0 cloak
rCorr   .            (gloves currently unavailable)
SInv    .            (boots currently unavailable)
Will    .....        x - amulet of faith Stlth
                     c - ring of ice
HPRegen 0.31/turn    i - +6 ring of dexterity
MPRegen 0.11/turn

%: faith
@: lethally poisoned (-2 -> -33)
A: thin metallic scales 2, foul stench 2, weakness stinger 1
a: no special abilities


You were on level 7 of the Dungeon.
You visited 1 branch of the dungeon, and saw 7 of its levels.

You collected 456 gold pieces.
You spent 103 gold pieces at shops.

Inventory:

Hand Weapons
 B - a +3 trident (weapon)
Missiles
 d - 3 throwing nets (quivered)
 e - a javelin
Armour
 n - the +18 Lear's hauberk (worn)
   (You found it on level 3 of the Dungeon)
 u - a scarf of harm
 w - a +0 cloak (worn)
Jewellery
 a - an amulet of magic regeneration
 c - a ring of ice (left hand)
 f - a ring of flight
 i - a +6 ring of dexterity (right hand)
 x - an amulet of faith (around neck)
Talismans
 h - a blade talisman
Wands
 s - a wand of polymorph (8)
 y - a wand of flame (24)
Scrolls
 b - a scroll of enchant weapon {unknown}
 g - 2 scrolls of enchant armour {unknown}
 j - a scroll of silence {unknown}
 l - a scroll of poison {unknown}
 p - a scroll of revelation {unknown}
 q - 2 scrolls of torment {unknown}
 r - 3 scrolls of fog {unknown}
 t - a scroll of immolation {unknown}
 A - 2 scrolls of teleportation {unknown}
 C - a scroll of noise {unknown}
Potions
 k - a potion of might
 m - a potion of haste
 o - 3 potions of brilliance
 v - 2 potions of degeneration
 z - a potion of mutation {unknown}


   Skills:
 + Level 4.4 Fighting
 + Level 8.2 Polearms
 - Level 1.7 Throwing
 * Level 5.9 Armour
 * Level 5.4 Dodging


You had 8 spell levels left.
You didn't know any spells.
Your spell library contained the following spells:

 Spells                   Type           Power      Damage    Failure   Level
 Freeze                   Ice            0%         1d3       98%         1
 Necrotise                Necr           0%         1d4       98%         1
 Shock                    Conj/Air       0%         1d3       98%         1
 Ensorcelled Hibernation  Hex/Ice        0%         N/A       99%         2
 Jinxbite                 Hex            0%         N/A       99%         2
 Frozen Ramparts          Ice            0%         1d1       100%        3
 Hailstorm                Conj/Ice       0%         3d3       100%        3
 Swiftness                Air            0%         N/A       100%        3
 Vampiric Draining        Necr           0%         2d6       100%        3
 Airstrike                Air            0%         2d(0-16)  100%        4
 Anguish                  Hex/Necr       0%         N/A       100%        4
 Agony                    Necr           0%         N/A       100%        5


Dungeon Overview and Level Annotations

Branches:
Dungeon (7/15)             Temple (0/1) D:7

Altars:
Kikubaaqudgha
Okawaru
Wu Jian

Shops:
D:5 [

Portals:
Bailey: D:7


Innate Abilities, Weirdness & Mutations

You are mostly covered in thin metallic scales. (AC +3)
You sometimes emit foul miasma when damaged in melee.
You have a small tail.


Message History

You closely miss something.
Your tail-slap misses something.
You feel very sick.
You barely miss something. You tail-slap something.
You feel very sick. Something hits you but does no damage.
You are more poisoned.
You closely miss something.
You feel very sick. Something hits you but does no damage.
You are more poisoned.
You miss something.
You feel extremely sick. Something hits you but does no damage.
You are lethally poisoned!
You hit something. You tail-slap something.
You feel extremely sick. Something completely misses you.
You hit something but do no damage.
You feel very sick. Something hits you but does no damage.
You are more poisoned.
It was a potion of degeneration.
There was something very wrong with that liquid.
You feel weakened.
You feel dopey.
You feel clumsy.
* * * LOW HITPOINT WARNING * * *
You feel extremely sick. Something hits you but does no damage.
You are more poisoned.
Sorry, you're not good enough to have a special ability.
You completely miss something.
* * * LOW HITPOINT WARNING * * *
You feel very sick. Something completely misses you.
You miss something.
Your tail-slap misses something.
* * * LOW HITPOINT WARNING * * *
You feel very sick. Something hits you but does no damage.
You are more poisoned.
You hit something.
You die...

#.# .....F#..#..... #.#
..#####..#####. #.#
......#..#.....
#.######## .....#..#.....
#........#####..#..#..###
##########...o.$#..#.....
.....y#..#.....
#..#####..#####.
#....{@.........
#....†).........
################


There were no monsters in sight!

Vanquished Creatures
  Pikel (D:6)
  Sigmund (D:5)
  The ghost of Cris the Trooper, an amateur DsFi of Okawaru (D:3)
  Edmund (D:4)
  2 water moccasins
  An orc warrior (D:7)
  2 black bears
  A centaur (D:6)
  A bullfrog (D:6)
  5 scorpions
  A howler monkey (D:6)
  A killer bee (D:7)
  4 hounds
  2 jellies
  4 sleepcaps
  2 iguanas (D:4)
  4 orc wizards
  10 adders
  A white imp (D:7)
  A dart slug (D:3)
  10 orcs
  3 bats
  4 endoplasms
  3 giant cockroaches
  7 hobgoblins
  4 jackals (D:1)
  4 quokkas
  9 ball pythons
  3 frilled lizards
  12 goblins
  12 kobolds
  6 rats
123 creatures vanquished.

Notes
Turn   | Place    | Note
-------+----------+-------------------------------------------
     0 | D:1      | BorisBritva the Demonspawn Gladiator began the quest for
                  | the Orb.
     0 | D:1      | Reached XP level 1. HP: 16/16 MP: 1/1
   175 | D:1      | Gained mutation: You are partially covered in thin metallic
                  | scales. (AC +2) [demonic ancestry]
   175 | D:1      | Reached XP level 2. HP: 12/22 MP: 2/2
   218 | D:1      | Reached skill level 3 in Polearms
   776 | D:2      | Reached XP level 3. HP: 27/27 MP: 3/3
  1048 | D:2      | Reached skill level 1 in Armour
  1702 | D:3      | Found the +18 Lear's hauberk
  1757 | D:3      | Reached XP level 4. HP: 34/34 MP: 4/4
  1931 | D:3      | Found a runed translucent door.
  1932 | D:3      | Noticed Cris's ghost (amateur DsFi)
  1938 | D:3      | Found an iron altar of Okawaru.
  1966 | D:3      | Noticed a scorpion
  1980 | D:3      | Killed a scorpion
  1981 | D:3      | Reached skill level 4 in Polearms
  1981 | D:3      | Reached XP level 5. HP: 39/39 MP: 5/5
  2287 | D:3      | Killed Cris's ghost
  2288 | D:3      | Gained mutation: You may rarely emit foul miasma when
                  | damaged in melee. [demonic ancestry]
  2288 | D:3      | Reached XP level 6. HP: 44/46 MP: 6/6
  2475 | D:4      | Reached skill level 5 in Polearms
  2767 | D:4      | Found an ancient bone altar of Kikubaaqudgha.
  2919 | D:4      | Noticed Edmund
  2935 | D:4      | Killed Edmund
  2936 | D:4      | Gained mutation: You have a small tail. [demonic ancestry]
  2936 | D:4      | Reached XP level 7. HP: 23/52 MP: 7/7
  3252 | D:5      | Entered Level 5 of the Dungeon
  3331 | D:5      | Noticed Sigmund
  3361 | D:5      | Killed Sigmund
  3362 | D:5      | Reached skill level 6 in Polearms
  3800 | D:5      | Found Pocaov's Antique Armour Shop.
  3809 | D:5      | Bought a cloak for 103 gold pieces
  3969 | D:5      | Gained mutation: You are mostly covered in thin metallic
                  | scales. (AC +3) [demonic ancestry]
  3969 | D:5      | Reached XP level 8. HP: 58/58 MP: 8/8
  4498 | D:5      | Found an ornate altar of the Wu Jian Council.
  4893 | D:6      | Reached skill level 7 in Polearms
  5367 | D:6      | Noticed Pikel
  5368 | D:6      | Reached skill level 5 in Armour
  5379 | D:6      | Killed Pikel
  5380 | D:6      | Reached skill level 5 in Dodging
  5380 | D:6      | Gained mutation: You sometimes emit foul miasma when
                  | damaged in melee. [demonic ancestry]
  5380 | D:6      | Reached XP level 9. HP: 52/65 MP: 9/9
  5648 | D:7      | Reached skill level 8 in Polearms
  5769 | D:7      | Found a staircase to the Ecumenical Temple.
  5795 | D:7      | Found a flagged portal.
  6193 | D:7      | Succumbed to an orc wizard's poison

Illustrated notes

Levels and vault maps discovered:
D:1:      lemuel_arrival_cross, layout_basic
D:2:      minmay_chambers_of_twos, layout_loops_ring
D:3:      layout_basic, gammafunk_temple_overflow_statue, gammafunk_ghost_grave,
          hangedman_decor_clover_reticule, nrook_mini_vaults, grunt_decor_cap
D:4:      layout_loops_ring, kiku_gazebo_garden_becter, zin_scriptorium,
          serial_rivers, chequers_serial_rivers_large_b,
          chequers_serial_rivers_micro_a, chequers_serial_rivers_micro_d,
          chequers_serial_rivers_micro_c, saegor_snake_ambush, uniq_edmund
D:5:      cheibrodos_quashed, layout_layer_cave, overflow_temple_1_default,
          serial_shops, nicolae_shop_trees, uniq_sigmund
D:6:      layout_basic, uniq_pikel
D:7:      kennysheep_windowed_halls, layout_loops_ring,
          minmay_temple_entry_mini_moons, enter_bailey_5

Skill      XL: |  1  2  3  4  5  6  7  8  9 |
---------------+----------------------------+-----
Polearms       | 3 4 5 6 7 8 |  8.2
Dodging        | 3 4 5 |  5.4
Armour         | 1 2 3 4 5 |  5.9
Fighting       | 3 4 |  4.4
Throwing       | |  1.7

Action                     |  1- 3 |  4- 6 |  7- 9 || total
---------------------------+-------+-------+-------++-------
  Melee: Trident           |   149 |   134 |   237 ||   520
         Punch             |     2 |     1 |     5 ||     8
         Tailslap          |       |       |    28 ||    28
    Use: Scroll            |       |     2 |     2 ||     4
         Potion            |       |       |     1 ||     1
 Armour: Plate armour      |   129 |       |       ||   129
         Leather armour    |     5 |       |       ||     5
         Chain mail        |     2 |    69 |   186 ||   257
  Dodge: Dodged            |    36 |    44 |    84 ||   164

Table legend: (Time is in decaauts)
 A = Elapsed time spent in this place.
 B = Non-inter-level travel time spent in this place.
 C = Inter-level travel time spent in this place.
 D = Time resting spent in this place.
 E = Time spent auto-exploring this place.
 F = Levels seen in this place.
 G = Mean time per level.
                   A        B        C        D        E       F      G
               +--------+--------+--------+--------+--------+-----+--------+
         Total |   6209 |   5869 |    340 |      0 |   4859 |   7 |  887.0 |
       Dungeon |   6209 |   5869 |    340 |      0 |   4859 |   7 |  887.0 |
               +--------+--------+--------+--------+--------+-----+--------+

Top non-repeatable levels by time:
     D:5: 1538 daAuts
     D:4: 952 daAuts
     D:6: 839 daAuts
     D:2: 814 daAuts
     D:1: 778 daAuts
     D:3: 735 daAuts
     D:7: 550 daAuts
